[Event "2nd Namma Bengaluru Open-B 2025"]
[Site "Bengaluru"]
[Date "2025.04.11"]
[Round "3.1"]
[White "Amulya Guruprasad"]
[Black "Nayak, Biswajit"]
[Result "0-1"]
[Annotator "NA"]
[ECO "B81"]
[WhiteElo "1733"]
[BlackElo "1979"]
[PlyCount "98"]
[EventDate "2025.04.10"]
[EventType "swiss"]
[EventCountry "IND"]
[SourceTitle "playchess.com"]
[Source "ChessBase"]
[SourceQuality "1"]
[TimeControl "3600+30"]

1. e4 c5 2. Nf3 d6 3. d4 cxd4 4. Nxd4 Nf6 5. Nc3 e6 6. g4 h6 7. h4 Nc6 8. Be2 a6 9. Be3 Be7 10. Rg1 d5 11. g5 hxg5 12. hxg5 Nxe4 13. Nxe4 dxe4 14. Nxc6 Qxd1+ 15. Rxd1 bxc6 16. Rg4 Rb8 17. Bc1 Rh1+ 18. Bf1 e3 19. fxe3 e5 20. Re4 f6 21. gxf6 Bxf6 22. Kf2 Be6 23. Ra4 Kf7 24. Be2 Rh2+ 25. Ke1 Rbh8 26. Rd3 Rg2 27. Bf1 Rh1 28. Rd2 Rgg1 29. Rf2 Bh3 30. Rxa6 Bxf1 31. Ra7+ Ke6 32. Kd2 Bh3 33. Kc3 Rxc1 34. a4 e4+ 35. Kb3 Rhe1 36. a5 Rxe3+ 37. Ka2 Bf1 38. c3 Bc4+ 39. b3 Re2+ 40. Rxe2 Bxe2 41. b4 Bc4+ 42. Kb2 Rxc3 43. a6 Rb3+ 44. Kc1 e3 45. Rc7 Bd3 46. Rxc6+ Kd7 47. Rc2 Bxc2 48. Kxc2 Ra3 49. b5 e2 0-1

[Event "2nd Namma Bengaluru Open-B 2025"]
[Site "Bengaluru"]
[Date "2025.04.11"]
[Round "3.3"]
[White "Anurag, Jaiswal"]
[Black "Abhay Chetty"]
[Result "1-0"]
[Annotator "NA COMBH"]
[ECO "E52"]
[WhiteElo "1923"]
[BlackElo "1730"]
[PlyCount "111"]
[EventDate "2025.04.10"]
[EventType "swiss"]
[EventCountry "IND"]
[SourceTitle "playchess.com"]
[Source "ChessBase"]
[SourceQuality "1"]
[TimeControl "3600+30"]

1. d4 Nf6 2. Nf3 d5 3. c4 e6 4. Nc3 Bb4 5. e3 O-O 6. Bd3 b6 7. cxd5 exd5 8. O-O Ba6 9. Bxa6 Nxa6 10. Qa4 Qc8 11. Bd2 Bxc3 12. Bxc3 Qb7 13. Rfc1 Ne4 14. Be1 c5 15. dxc5 bxc5 16. b3 Rac8 17. Nd2 Nxd2 18. Bxd2 Rfe8 19. Qg4 Re6 20. Bc3 Rg6 21. Qf3 h5 22. Rd1 Rd8 23. h3 h4 24. Rd2 Nc7 25. Ba5 Rdd6 26. Bxc7 Qxc7 27. Rxd5 Rdf6 28. Rf5 Rxf5 29. Qxf5 Qc6 30. e4 Re6 31. Qd5 Qxd5 32. exd5 Rd6 33. Rd1 Kf8 34. Kf1 Ke7 35. Ke2 Kf6 36. f4 Kf5 37. Kf3 f6 38. Rd2 a5 39. Rd1 a4 40. bxa4 c4 41. Ke3 c3 42. Kd4 Kxf4 43. Kxc3 Kg3 44. Rd2 g5 45. Kc4 f5 46. Kc5 Rd8 47. d6 g4 48. hxg4 fxg4 49. Kc6 h3 50. gxh3 gxh3 51. d7 h2 52. Rxh2 Kxh2 53. Kc7 Ra8 54. d8=Q Rxa4 55. Qd6+ Kg1 56. Qd1+ 1-0

[Event "2nd Namma Bengaluru Open-B 2025"]
[Site "Bengaluru"]
[Date "2025.04.11"]
[Round "3.4"]
[White "Akilan M S"]
[Black "Afreed T Khan"]
[Result "1-0"]
[Annotator "NA"]
[ECO "E62"]
[WhiteElo "1733"]
[BlackElo "1921"]
[PlyCount "152"]
[EventDate "2025.04.10"]
[EventType "swiss"]
[EventCountry "IND"]
[SourceTitle "playchess.com"]
[Source "ChessBase"]
[SourceQuality "1"]
[TimeControl "3600+30"]

1. Nf3 Nf6 2. g3 g6 3. Bg2 Bg7 4. O-O O-O 5. c4 d6 6. d4 c6 7. Nc3 Bf5 8. Re1 Ne4 9. Nb1 d5 10. Qb3 Qb6 11. cxd5 Qxb3 12. axb3 cxd5 13. Nc3 Nxc3 14. bxc3 Be4 15. Bf4 Nc6 16. Nd2 Bxg2 17. Kxg2 Rfc8 18. e4 e5 19. dxe5 Nxe5 20. Bxe5 Bxe5 21. exd5 Bxc3 22. Rad1 Kf8 23. Re3 Bb4 24. Nc4 Rd8 25. Red3 Bd6 26. Nxd6 Rxd6 27. Rc3 Rad8 28. Rc7 R8d7 29. Rxd7 Rxd7 30. Kf3 Ke7 31. Ke4 Kd6 32. Rd2 Re7+ 33. Kd4 Re1 34. b4 Rc1 35. Ra2 a6 36. Ra5 Rc2 37. Ke3 Rc4 38. Ra4 Kxd5 39. h4 Rc3+ 40. Kf4 h5 41. Ra5+ Kd6 42. Ra4 f6 43. f3 Kc6 44. g4 Rc4+ 45. Kg3 Kb5 46. gxh5 gxh5 47. Ra5+ Kxb4 48. Rxh5 a5 49. Rh7 b5 50. h5 a4 51. h6 a3 52. Ra7 Kb3 53. h7 Rc8 54. Kf4 a2 55. Kf5 Kb2 56. Kxf6 a1=Q 57. Rxa1 Kxa1 58. Kg7 b4 59. h8=Q Rxh8 60. Kxh8 b3 61. f4 b2 62. f5 b1=Q 63. f6 Qh1+ 64. Kg7 Qg2+ 65. Kh7 Qh3+ 66. Kg7 Qg4+ 67. Kh7 Qh5+ 68. Kg7 Qg5+ 69. Kf7 Kb2 70. Ke6 Qg6 71. Ke7 Qe4+ 72. Kd7 Qf5+ 73. Ke7 Qe5+ 74. Kf7 Kc3 75. Kg6 Kd4 76. f7 Qh8 1-0

[Event "2nd Namma Bengaluru Open-B 2025"]
[Site "Bengaluru"]
[Date "2025.04.11"]
[Round "3.5"]
[White "Saranya Devi Narahari"]
[Black "Mayank Santosh Hedau"]
[Result "1/2-1/2"]
[Annotator "NA"]
[ECO "C11"]
[WhiteElo "1888"]
[BlackElo "1730"]
[PlyCount "206"]
[EventDate "2025.04.10"]
[EventType "swiss"]
[EventCountry "IND"]
[SourceTitle "playchess.com"]
[Source "ChessBase"]
[SourceQuality "1"]
[TimeControl "3600+30"]

1. e4 e6 2. d4 d5 3. Nc3 Nf6 4. e5 Nfd7 5. f4 c5 6. Nf3 Nc6 7. Be3 a6 8. Be2 b5 9. Qd2 c4 10. Nd1 Be7 11. O-O Qb6 12. h3 f6 13. Bf2 O-O 14. Ne3 fxe5 15. fxe5 Rxf3 16. Bxf3 Qxd4 17. Qxd4 Nxd4 18. Bd1 Nc6 19. a4 b4 20. b3 cxb3 21. cxb3 Ndxe5 22. Rc1 Bd7 23. Bc2 Bf6 24. Rcd1 Rc8 25. Rfe1 Be8 26. Nf1 Bg6 27. Bxg6 hxg6 28. Bg3 Kf7 29. Ne3 Nd7 30. Nc4 dxc4 31. Rxd7+ Ke8 32. Rb7 cxb3 33. Rxe6+ Kf8 34. Bd6+ Kg8 35. Bxb4 b2 36. Ba3 Rc7 37. Bxb2 Rxb7 38. Bxf6 Nb4 39. Bc3 a5 40. Rxg6 Kh7 41. Rg5 Ra7 42. Rb5 Nc6 43. Kh2 Kg8 44. Rb6 Ne7 45. Rb8+ Kf7 46. Bd4 Rd7 47. Bc3 Ra7 48. Rb5 Nc6 49. Rb6 Ne7 50. Be1 Ke8 51. Bf2 Ra8 52. Rb7 g6 53. Be1 Ra6 54. Bd2 Nc6 55. g4 Nd8 56. Rc7 Ne6 57. Rb7 Nc5 58. Rb5 Nxa4 59. Bxa5 Nb2 60. Bc3 Nc4 61. Rc5 Nd6 62. Re5+ Kf7 63. Bb4 Rb6 64. Bc5 Rc6 65. Kg2 Kf6 66. Rd5 Nc4 67. Bd4+ Ke6 68. Rd8 Nd6 69. Rg8 Kd5 70. Bf2 Ne4 71. Be3 Nc3 72. Kf3 Ne4 73. Rd8+ Rd6 74. Rxd6+ Nxd6 75. Kf4 Ke6 76. Kg5 Kf7 77. Bd4 Ne4+ 78. Kh6 Ng3 79. Kh7 Ne2 80. Be3 Nc3 81. h4 Nd5 82. Bg5 Nc7 83. Bf4 Ne6 84. Be5 Nf8+ 85. Kh6 Ne6 86. g5 Nf8 87. Bd6 Ne6 88. Kh7 Ng7 89. Bg3 Ne6 90. Bd6 Ng7 91. Bb4 Ne6 92. Bc3 Nf8+ 93. Kh6 Ne6 94. Bf6 Nf4 95. Kh7 Ne6 96. Be5 Nf8+ 97. Kh8 Ne6 98. Bc3 Nf8 99. Bg7 Ne6 100. Bh6 Nf4 101. Kh7 Ne6 102. h5 Nxg5+ 103. Bxg5 gxh5 1/2-1/2

[Event "2nd Namma Bengaluru Open-B 2025"]
[Site "Bengaluru"]
[Date "2025.04.11"]
[Round "3.6"]
[White "Aryan Behera"]
[Black "Kabnurakar Rushikesh"]
[Result "1-0"]
[Annotator "NA RC"]
[ECO "B36"]
[WhiteElo "1732"]
[BlackElo "1884"]
[PlyCount "55"]
[EventDate "2025.04.10"]
[EventType "swiss"]
[EventCountry "IND"]
[SourceTitle "playchess.com"]
[Source "ChessBase"]
[SourceQuality "1"]
[TimeControl "3600+30"]

1. e4 c5 2. Nf3 g6 3. d4 cxd4 4. Nxd4 Nc6 5. c4 Nf6 6. Nc3 Nxd4 7. Qxd4 d6 8. Bg5 Bg7 9. Be2 O-O 10. Qd2 Be6 11. O-O Rc8 12. b3 a6 13. Rac1 Bd7 14. Bf3 b5 15. e5 dxe5 16. Bxf6 exf6 17. Bb7 b4 18. Bxc8 Bxc8 19. Qxd8 Rxd8 20. Nd5 a5 21. Rfd1 Kf8 22. c5 f5 23. c6 e4 24. c7 Re8 25. Nb6 Bf6 26. Rd8 Be6 27. Rxe8+ Kxe8 28. c8=Q+ 1-0

[Event "2nd Namma Bengaluru Open-B 2025"]
[Site "Bengaluru"]
[Date "2025.04.11"]
[Round "3.7"]
[White "Nihaan Pohane"]
[Black "Ayya Ayush Umesh"]
[Result "1/2-1/2"]
[Annotator "NA"]
[ECO "D02"]
[WhiteElo "1882"]
[BlackElo "1728"]
[PlyCount "107"]
[EventDate "2025.04.10"]
[EventType "swiss"]
[EventCountry "IND"]
[SourceTitle "playchess.com"]
[Source "ChessBase"]
[SourceQuality "1"]
[TimeControl "3600+30"]

1. d4 Nf6 2. Bf4 e6 3. e3 d5 4. Nf3 c5 5. c3 Nc6 6. Nbd2 cxd4 7. exd4 Nh5 8. Be3 Bd6 9. Ne5 g6 10. Bb5 Bd7 11. Nxd7 Qxd7 12. g3 O-O 13. O-O Ng7 14. f4 Qc7 15. Bd3 a6 16. a4 Kh8 17. Nf3 f6 18. Nh4 Nf5 19. Bxf5 gxf5 20. Kh1 Qf7 21. Qf3 Na5 22. Rae1 Rae8 23. Re2 Rg8 24. Rfe1 Nc4 25. Bc1 Bb8 26. h3 Nd6 27. g4 fxg4 28. hxg4 Ne4 29. Rh2 Rg7 30. Rg1 Reg8 31. Rh3 Rxg4 32. Rxg4 Rxg4 33. f5 Rg3 34. Rxg3 Nxg3+ 35. Kg2 Nxf5 36. Nxf5 exf5 37. Bf4 Bxf4 38. Qxf4 Kg7 39. Kf2 Qd7 40. Qg3+ Kf8 41. Qh4 Qe7 42. Qf4 Qf7 43. Qxf5 h5 44. Kg3 Kg7 45. Kh4 Kh6 46. Qf4+ Kg7 47. Qf5 Kh6 48. Qf4+ Kg7 49. Qf3 Kh6 50. Qe3+ Kg7 51. Qf3 Kh6 52. Qe3+ Kg7 53. Qe2 Kh6 54. Qe3+ 1/2-1/2

[Event "2nd Namma Bengaluru Open-B 2025"]
[Site "Bengaluru"]
[Date "2025.04.11"]
[Round "3.8"]
[White "Jowett Jibin"]
[Black "Arush A"]
[Result "0-1"]
[Annotator "NA"]
[ECO "C55"]
[WhiteElo "1730"]
[BlackElo "1876"]
[PlyCount "82"]
[EventDate "2025.04.10"]
[EventType "swiss"]
[EventCountry "IND"]
[SourceTitle "playchess.com"]
[Source "ChessBase"]
[SourceQuality "1"]
[TimeControl "3600+30"]

1. e4 e5 2. Bc4 Nc6 3. Nf3 Nf6 4. d3 Be7 5. O-O O-O 6. Re1 d6 7. a4 Be6 8. Nc3 Re8 9. Bxe6 fxe6 10. d4 exd4 11. Nxd4 Nxd4 12. Qxd4 Nd7 13. Qc4 Bf6 14. f4 Kh8 15. Be3 c6 16. Rad1 d5 17. Qd3 Qa5 18. Bd2 Nc5 19. Qe2 Bd4+ 20. Kh1 Qd8 21. Rf1 Bxc3 22. Bxc3 Nxe4 23. Be5 Qh4 24. Rd3 Qh6 25. Rff3 Re7 26. Rh3 Qg6 27. Rh4 Rae8 28. Rdh3 Nf6 29. Qd2 Qf5 30. Kg1 Kg8 31. Qd4 b6 32. b4 Rf7 33. Rg3 Qe4 34. Qc3 d4 35. Bxd4 Rd8 36. Rd3 Nd5 37. Qd2 Nxf4 38. Bf6 Rxd3 39. cxd3 Ne2+ 40. Kh1 Rxf6 41. dxe4 Rf1# 0-1

[Event "2nd Namma Bengaluru Open-B 2025"]
[Site "Bengaluru"]
[Date "2025.04.11"]
[Round "3.9"]
[White "Shreyan Thipparthi"]
[Black "Pranav Ganesh Prabhu"]
[Result "1-0"]
[Annotator "NA"]
[ECO "E06"]
[WhiteElo "1730"]
[BlackElo "1862"]
[PlyCount "155"]
[EventDate "2025.04.10"]
[EventType "swiss"]
[EventCountry "IND"]
[SourceTitle "playchess.com"]
[Source "ChessBase"]
[SourceQuality "1"]
[TimeControl "3600+30"]

1. d4 d5 2. c4 e6 3. g3 Nf6 4. Nf3 Be7 5. Bg2 O-O 6. Qc2 a5 7. O-O c6 8. Nbd2 b6 9. e4 Ba6 10. b3 Ra7 11. Bb2 Rc7 12. Rfc1 c5 13. exd5 exd5 14. Bf1 Nc6 15. a3 cxd4 16. Nxd4 dxc4 17. Nxc6 Rxc6 18. bxc4 b5 19. Bc3 bxc4 20. Qa4 Rc5 21. Nxc4 Bb5 22. Qxa5 Qc8 23. Bb4 Bd8 24. Qa7 Rc7 25. Qd4 Rd7 26. Nd6 Qb8 27. Bxb5 Bb6 28. Qd3 Rdd8 29. Qf3 Rxd6 30. Bxd6 Qxd6 31. Rc6 Qe5 32. Rb1 Ba7 33. a4 Ne4 34. Re1 Ng5 35. Qd1 Nf3+ 36. Qxf3 Qxe1+ 37. Kg2 h6 38. Bc4 Qe7 39. a5 Rd8 40. Qxf7+ Qxf7 41. Bxf7+ Kf8 42. Bg6 Rd2 43. Rc8+ Ke7 44. Rc7+ Kf6 45. Rxa7 Kxg6 46. a6 Ra2 47. Ra8 Kh5 48. a7 g6 49. h3 Ra1 50. g4+ Kh4 51. Rh8 Rxa7 52. Rxh6+ Kg5 53. Rh8 Ra3 54. f3 Ra1 55. h4+ Kf6 56. Kg3 Ra4 57. Rb8 Rc4 58. Rb5 Rc1 59. h5 gxh5 60. Rxh5 Rc4 61. Ra5 Rb4 62. f4 Rb1 63. Ra6+ Kg7 64. Kh4 Rb4 65. Kg5 Rb5+ 66. f5 Rb7 67. Rg6+ Kh7 68. Rh6+ Kg7 69. f6+ Kg8 70. Kg6 Rg7+ 71. Kf5 Rb7 72. g5 Ra7 73. Rh1 Ra5+ 74. Kg6 Ra6 75. Rc1 Ra8 76. Rc7 Kh8 77. Rh7+ Kg8 78. f7+ 1-0

[Event "2nd Namma Bengaluru Open-B 2025"]
[Site "Bengaluru"]
[Date "2025.04.11"]
[Round "3.10"]
[White "Asmita Avijit Ray"]
[Black "Malla, Nooka Raju"]
[Result "0-1"]
[Annotator "NA"]
[ECO "A92"]
[WhiteElo "1728"]
[BlackElo "1860"]
[PlyCount "120"]
[EventDate "2025.04.10"]
[EventType "swiss"]
[EventCountry "IND"]
[SourceTitle "playchess.com"]
[Source "ChessBase"]
[SourceQuality "1"]
[TimeControl "3600+30"]

1. d4 Nf6 2. c4 e6 3. g3 d5 4. Bg2 Be7 5. Nf3 O-O 6. O-O Ne4 7. Qc2 f5 8. Ne5 c6 9. Nd2 Nd7 10. Nd3 Ndf6 11. c5 Bd7 12. f3 Ng5 13. Ne5 Be8 14. b3 Nd7 15. f4 Nxe5 16. dxe5 Nf7 17. Bb2 Nh6 18. h3 Bh5 19. Nf3 Bxf3 20. Bxf3 g5 21. e3 Kh8 22. Bd4 Rg8 23. Kh2 g4 24. hxg4 Nxg4+ 25. Kg2 Bh4 26. Bxg4 Rxg4 27. Rf3 Qg8 28. Qf2 Qg6 29. Rh1 Rg8 30. Rh3 h5 31. Bc3 Be7 32. b4 h4 33. Be1 Rg7 34. Kf1 Kg8 35. Qh2 Qh5 36. Bf2 Qe8 37. gxh4 b6 38. h5 Kh7 39. Rhg3 bxc5 40. bxc5 Qb8 41. Be1 Bxc5 42. Qc2 Qb5+ 43. Kg2 Kh6 44. Rxg4 Rxg4+ 45. Rg3 Rxg3+ 46. Bxg3 Bxe3 47. Kf3 d4 48. Bf2 Qd5+ 49. Kg3 Qe4 50. Qxe4 Bxf2+ 51. Kxf2 fxe4 52. f5 Kxh5 53. f6 Kg6 54. Ke2 c5 55. Kd2 c4 56. a3 a6 57. a4 a5 58. Ke2 c3 59. Kd1 d3 60. Kc1 e3 0-1